 Dungeon Crawl Stone Soup version 0.25-a0-246-g58704a1ebd (webtiles) character file.

Game seed: 14179743082740078523, levelgen mode: classic

39 Borgoz the Shield-Bearer (level 3, -4/24 HPs)
             Began as a Gargoyle Fighter on Dec 3, 2019.
             Killed from afar by Sigmund (7 damage)
             ... with a magic dart
             ... on level 2 of the Dungeon.
             The game lasted 00:02:09 (859 turns).

Borgoz the Shield-Bearer (Gargoyle Fighter)          Turns: 859, Time: 00:02:09

Health: -4/24      AC: 11    Str: 25    XL:     3   Next: 47%
Magic:  3/3        EV:  7    Int:  8    God:
Gold:   76         SH:  0    Dex:  9    Spells: 2/2 levels left

rFire    . . .     SeeInvis .   a - +0 flail
rCold    . . .     Gourm    .   c - +0 shield
rNeg     + . .     Faith    .   b - +0 scale mail
rPois    ∞         Spirit   .   (no helmet)
rElec    +         Reflect  .   h - +0 cloak
rCorr    +         Harm     .   (no gloves)
MR       .....                  (no boots)
Stlth    ..........             (no amulet)
HPRegen  0.08/turn              e - ring of resist corrosion
MPRegen  0.08/turn              (no ring)

@: confused, mighty, hasted, very quick
A: negative energy resistance 1, electricity resistance, unbreathing,
petrification resistance, rot immunity, AC +3
a: no special abilities


You were on level 2 of the Dungeon.
You were not hungry.

You visited 1 branch of the dungeon, and saw 2 of its levels.

You collected 76 gold pieces.

Inventory:

Hand Weapons
 a - a +0 flail (weapon)
Armour
 b - a +0 scale mail (worn)
 c - a +0 shield (worn)
 h - a +0 cloak (worn)
Jewellery
 e - a ring of resist corrosion (left hand)
Scrolls
 i - a scroll of teleportation {unknown}
 j - a scroll of blinking {unknown}
 k - 2 scrolls of identify {unknown}
Comestibles
 f - 4 rations
 g - 8 chunks of flesh


   Skills:
 * Level 3.7 Fighting
 * Level 2.5 Maces & Flails
 * Level 3.7 Armour
 * Level 3.7 Shields


You had 2 spell levels left.
You didn't know any spells.
Your spell library was empty.

Dungeon Overview and Level Annotations

Branches:
Dungeon (2/15)

Altars:

Annotations:
D:2 Sigmund


Innate Abilities, Weirdness & Mutations

You are resistant to torment.
Your stone body is resilient. (AC +3)
You are immune to poison.
You resist negative energy. (rN+)
You are resistant to electric shocks. (rElec)
You can survive without breathing.
You are immune to petrification.
You are immune to rotting.


Message History

You bump into the rock wall.
Sigmund hits you with a +1 scythe of protection!
You bump into the rock wall.
You closely miss Sigmund.
You feel less confused. You block Sigmund's attack.
It was a potion of haste.
You feel yourself speed up. You block Sigmund's attack.
You hit Sigmund.
Sigmund is lightly wounded.
You closely miss Sigmund.
Sigmund is lightly wounded.
Sigmund gestures at you while chanting.
You are confused.
Sigmund hits you from afar with a +1 scythe of protection.
* * * LOW HITPOINT WARNING * * *
You bump into the rock wall.
Sigmund points at you and mumbles some strange words.
The magic dart hits you!
You die...

########.##.# #####
#.##.#
#...####.##.###
#....÷....#.#..
#####.#.####..#.#.#
......#.# #..#.#@#
#####.#.# #..#.#.#
#.#.# #......###.#
#.#.# #....@?.!..#
#.#.# #.#....#####
#####.#.# #.....#.#
........# #.#..##.#
####.#.÷# #.... #.#
#....[..# ###.. #.#
#.......# #.= #.#
#.......#####<.# .#
........<.......


You could see Sigmund.

Vanquished Creatures
  A worm (D:2)
  A dart slug (D:1)
  2 leopard geckos
  2 giant cockroaches (D:1)
  6 goblins (D:1)
  3 hobgoblins (D:1)
  3 jackals (D:1)
  4 kobolds (D:1)
  2 ball pythons (D:1)
  2 bats (D:1)
  A frilled lizard (D:2)
  2 rats (D:1)
29 creatures vanquished.

Notes
Turn   | Place    | Note
-------+----------+-------------------------------------------
     0 | D:1      | Borgoz the Gargoyle Fighter began the quest for the Orb.
     0 | D:1      | Reached XP level 1. HP: 14/14 MP: 1/1
   212 | D:1      | Reached XP level 2. HP: 18/19 MP: 2/2
   380 | D:1      | Reached XP level 3. HP: 18/23 MP: 3/3
   838 | D:2      | Noticed Sigmund
   859 | D:2      | Killed from afar by Sigmund

Levels and vault maps discovered:
D:1:      roderic_dead_forest, layout_basic, minmay_box_of_dots
D:2:      layout_loops_ring, lemuel_crystal_altar, feat_on_display, uniq_sigmund

Action                   || total
-------------------------++-------
Melee: Flail             ||   120
  Use: Potion            ||     2
Armor: Scale mail        ||    81
Dodge: Dodged            ||    40
Block: Shield            ||    76

Table legend:
 A = Non-vault XP
 B = Vault XP
 C = Vault XP percentage of total XP
 D = Non-vault monster count
 E = Vault monster count
 F = Vault count percentage of total count
                 A         B        C        D         E       F
            +---------+---------+-------+---------+---------+-------
      Total |      54 |       3 |   5.3 |      27 |       2 |   6.9
            +---------+---------+-------+---------+---------+-------
        D:1 |      45 |       3 |   6.2 |      24 |       2 |   7.7
        D:2 |       9 |       0 |   0.0 |       3 |       0 |   0.0
            +---------+---------+-------+---------+---------+-------
